 Dungeon Crawl Stone Soup version 0.14-a0-1403-g5d3c58f (webtiles) character file.

138 PolkaDot the Ruinous (level 4, -1/30 HPs)
             Began as a Vampire Conjurer on Dec 10, 2013.
             Killed from afar by Sigmund (10 damage)
             ... with a puff of flame
             ... on Level 2 of the Dungeon.
             The game lasted 00:06:02 (1951 turns).

PolkaDot the Ruinous (Vampire Conjurer)             Turns: 1951, Time: 00:06:03

HP  -1/30        AC  2     Str 12      XL: 4   Next:  5%
MP   2/7         EV 12     Int 22      God:
Gold 67          SH  0     Dex 14      Spells:  2 memorised,  4 levels left

rFire  . . .     SeeInvis +     b - +0,+2 whip
rCold  . . .     Clarity  .     a - +0 robe
rNeg   + + .     Conserve .     (no shield)
rPois  .         rCorr    .     (no helmet)
rElec  .         rRot     .     (no cloak)
SustAb . .       Spirit   .     (no gloves)
rMut   .         Warding  +     (no boots)
Saprov . . .     Stasis   .     m - amulet of warding {unknown}
                                (no ring)
                                g - +4 ring of intelligence

@: mighty, very slightly contaminated, slightly resistant to hostile
enchantments, stealthy
A: fangs 3, see invisible, unbreathing
a: Bat Form


You were on level 2 of the Dungeon.
You were not thirsty.

You visited 1 branch of the dungeon, and saw 2 of its levels.

You collected 67 gold pieces.

Inventory:

Hand weapons
 b - a +0,+2 whip (weapon)
Armour
 a - a +0 robe (worn)
Scrolls
 e - 2 scrolls of identify {unknown}
 f - 2 scrolls of magic mapping {unknown}
 h - a scroll of noise {unknown}
 j - a scroll of random uselessness {unknown}
Jewellery
 g - a +4 ring of intelligence (left hand)
 i - an uncursed amulet of resist corrosion {unknown}
 k - an uncursed amulet of clarity {unknown}
 m - an amulet of warding (around neck) {unknown}
Books
 c - a book of Conjurations

   Spells                             Type                      Level
   *Magic Dart                        Conjuration                  1
   *Searing Ray                       Conjuration                  2
   Dazzling Spray                     Conjuration/Hexes            3
   Iskenderun's Mystic Blast          Conjuration                  4
   Iskenderun's Battlesphere          Conjuration/Charms           4
   Fulminant Prism                    Conjuration/Hexes            5


   Skills:
 - Level 2.1 Dodging
 - Level 3.0 Stealth
 - Level 2.0 Spellcasting
 * Level 4.2 Conjurations


You had 4 spell levels left.
You knew the following spells:

 Your Spells              Type           Power        Failure   Level  Hunger
a - Magic Dart            Conj           ###.         2%          1    #......
s - Searing Ray           Conj           ###...       4%          2    ##.....


Dungeon Overview and Level Annotations

Branches:
Dungeon (2/16)

Altars:

Annotations:
D:2 Sigmund


Innate Abilities, Weirdness & Mutations

You have razor-sharp teeth.*
You have supernaturally acute eyesight.
You can survive without breathing.*


Message History

You whack Sigmund!
Sigmund is moderately wounded.
Sigmund barely misses you.
You swing at nothing.
Sigmund hits you with a scythe!
You swing at nothing.
You feel less confused.
You whack Sigmund! You bite Sigmund.
Sigmund is almost dead.
Sigmund casts a spell at you. The puff of flame hits you!
* * * LOW HITPOINT WARNING * * *
Casting: Searing Ray
Confirm with . or Enter, or press ? or * to list all spells.
Aiming: Searing Ray
Press: ? - help, Shift-Dir - straight line, f/p - Sigmund
Aim: Sigmund, wielding a scythe and wearing a robe (almost dead)
The searing ray misses Sigmund.
Sigmund gestures at you while chanting. The puff of flame hits you!
You die...

#.# #.# #.#####.#.# #)#
#.# #.# #.......#.# #.#
#.#####.# ####.##.#.####.#
#.......# ####...........#
#.########..........######
...# #...###..###
.#.[.........###..#
..[.....##........#
#######.##.#####@## # #@#
#.# #.# #.# #$# #.# ..#
###


You could see Sigmund.

Vanquished Creatures
  A gnoll (D:1)
  2 adders (D:2)
  A giant gecko (D:1)
  7 bats
  4 giant cockroaches
  3 hobgoblins (D:1)
  4 jackals (D:1)
  4 giant newts
  6 goblins (D:1)
  4 kobolds
  4 rats (D:1)
40 creatures vanquished.

Notes
Turn   | Place    | Note
--------------------------------------------------------------
     0 | D:1      | PolkaDot, the Vampire Conjurer, began the quest for the Orb.
     0 | D:1      | Reached XP level 1. HP: 13/13 MP: 3/3
   313 | D:1      | Reached XP level 2. HP: 19/19 MP: 0/4
   859 | D:1      | Reached XP level 3. HP: 10/24 MP: 1/6
   865 | D:1      | Learned a level 2 spell: Searing Ray
  1491 | D:2      | Reached skill level 4 in Conjurations
  1714 | D:2      | Reached XP level 4. HP: 30/30 MP: 1/7
  1929 | D:2      | Noticed Sigmund
  1951 | D:2      | Killed from afar by Sigmund

Action                   |  1- 3 |  4- 6 || total
-------------------------+-------+-------++-------
Melee: Unarmed           |    22 |       ||    22
       Whip              |    45 |     2 ||    47
 Cast: Magic Dart        |    48 |     7 ||    55
       Searing Ray       |     2 |     1 ||     3
  Use: Potion            |     1 |     3 ||     4
 Stab: Sleeping          |     1 |       ||     1
